 Dungeon Crawl Stone Soup version 0.30-a0-373-gd37427bb62 (webtiles) character file.

Game seed: 17806978706515532315

3733 kiwi3s the Severer (level 9, -14/117 HPs)
             Began as a Minotaur Berserker on Nov 23, 2022.
             Was a Priest of Trog.
             Demolished by a boulder beetle (17 damage)
             ... on level 7 of the Dungeon.
             The game lasted 00:07:13 (6600 turns).

kiwi3s the Severer (Minotaur Berserker)             Turns: 6600, Time: 00:07:14

Health: -14/117    AC: 11    Str: 27    XL:     9   Next: 92%
Magic:  8/8        EV:  9    Int:  4    God:    Trog [***...]
Gold:   254        SH:  7    Dex:  9    Spells: 8/8 levels left

rFire   . . .      SeeInvis +    a - +0 hand axe
rCold   . . .      Faith    .    g - +0 kite shield
rNeg    . . .      Spirit   .    y - +3 scale mail "Narrostroadd" {SInv}
rPois   .          Reflect  .    (helmet restricted)
rElec   .          Harm     .    (no cloak)
rCorr   .          Rampage  .    (no gloves)
Will    .....                    k - +0 pair of boots
Stlth   ..........               (no amulet)
HPRegen 0.39/turn                (no ring)
MPRegen 0.11/turn                (no ring)

@: berserking (expiring), very quick
A: horns 2, retaliatory headbutt
a: Renounce Religion, Berserk, Trog's Hand


You were on level 7 of the Dungeon.
You worshipped Trog.
Trog was most pleased with you.
You visited 1 branch of the dungeon, and saw 7 of its levels.

You collected 254 gold pieces.

Inventory:

Hand Weapons
 a - a +0 hand axe (weapon)
Missiles
 F - 9 boomerangs (quivered)
Armour
 g - a +0 kite shield (worn)
 k - a +0 pair of boots (worn)
 y - the +3 scale mail "Narrostroadd" (worn) {SInv}
   (You found it on level 4 of the Dungeon)

   SInv:      It lets you see invisible.
Jewellery
 m - the ring "Wiki Xeu" {Dex+2 SInv}
   (You took it off an orc priest on level 6 of the Dungeon)

   [ring of see invisible]

   Dex:       It affects your dexterity (+2).
   SInv:      It lets you see invisible.
 s - an amulet of regeneration
 t - a +6 ring of strength
 v - a ring of willpower
 G - a +6 ring of strength
Wands
 w - a wand of charming (7)
 A - a wand of flame (28)
 C - a wand of light (2)
Scrolls
 b - 9 scrolls of identify {unknown}
 d - a scroll of brand weapon {unknown}
 e - a scroll of enchant armour {unknown}
 h - 4 scrolls of teleportation {unknown}
 i - 2 scrolls of amnesia {unknown}
 l - 3 scrolls of vulnerability {unknown}
 n - 2 scrolls of magic mapping {unknown}
 p - 6 scrolls of butterflies {unknown}
 q - a scroll of fear {unknown}
 u - 2 scrolls of noise {unknown}
 x - a scroll of immolation {unknown}
 I - a scroll of silence {unknown}
Potions
 c - a potion of degeneration {unknown}
 f - 4 potions of attraction {unknown}
 j - a potion of curing
 o - a potion of brilliance {unknown}
 r - 2 potions of berserk rage {unknown}
 z - 3 potions of lignification {unknown}
 B - a potion of haste {unknown}
 D - a potion of resistance {unknown}
 E - a potion of invisibility {unknown}
 H - a potion of ambrosia {unknown}
 J - a potion of might {unknown}
 K - a potion of flight {unknown}
 L - a potion of magic {unknown}


   Skills:
 * Level 6.8 Fighting
 - Level 15.0 Axes
 + Level 5.4 Armour
 - Level 2.1 Dodging
 + Level 2.8 Shields


You had 8 spell levels left.
You didn't know any spells.
Your spell library was empty.

Dungeon Overview and Level Annotations

Branches:
Dungeon (7/15)             Temple (0/1) D:4

Altars:
Dithmenos
Gozag
Kikubaaqudgha
Okawaru
Qazlal
Sif Muna
Trog
Uskayaw
Xom

Shops:
D:7 (

Annotations:
D:6 3 runed translucent doors, Darkkill's ghost, novice MiHu


Innate Abilities, Weirdness & Mutations

You have a pair of horns on your head.
You reflexively headbutt those who attack you in melee.


Message History

You completely miss the boulder beetle.
The boulder beetle is heavily wounded.
You hit the gargoyle but do no damage. You hit the wraith.
You hit the gargoyle.
You destroy the gargoyle!
Trog accepts your kill. The boulder beetle bites you.
* * * LOW HITPOINT WARNING * * *
The gargoyle hurls a stone arrow at you.
The stone arrow hits you!!
* * * LOW HITPOINT WARNING * * *
The wraith hits you but does no damage.
Your Armour skill increases to level 5!
You hit the boulder beetle but do no damage.
Your headbutt misses the boulder beetle.
The boulder beetle is heavily wounded.
You slash the orc warrior! You barely miss the gargoyle.
You hit the wraith but do no damage.
Unknown command.
You are too injured to fight recklessly!
You hit the boulder beetle but do no damage.
You headbutt the boulder beetle!
The boulder beetle is heavily wounded.
You barely miss the orc warrior. You barely miss the gargoyle.
You completely miss the wraith. The boulder beetle bites you.
* * * LOW HITPOINT WARNING * * *
You block the gargoyle's attack. The orc warrior completely misses you.
You furiously retaliate!
You headbutt the orc warrior!!
You kill the orc warrior!
Trog accepts your kill. The wraith hits you but does no damage.
You hit the boulder beetle but do no damage.
The boulder beetle is heavily wounded.
You hit the gargoyle but do no damage. You barely miss the wraith.
You hit the ice beast but do no damage.
You hit the boulder beetle but do no damage.
The boulder beetle is heavily wounded.
You hit the ice beast but do no damage. You hit the gargoyle but do no damage.
You hit the wraith but do no damage. The boulder beetle bites you!
You die...

#.............#####.........
#.................#.##......
#..........)>)..............
##########.#.####...#.##....
#.###..).......#.......
##...#####.#.....#######
#......###...<...[....##
#..9Y.###.#..........
#W@B..#............
###..####..........
#...'.#####.###...
#..##...###.# ###.
#...#......### #### ####
#..##..#.....# #⌠## #..###
....#...###..## ##..
#....###...##..###...# #..
#......###.#.....#))## ##..


You could see a boulder beetle, a wraith, a gargoyle and an ice beast.

Vanquished Creatures
  A gargoyle (D:7)
  A hornet (D:7)
  4 yaks
  2 water moccasins (D:7)
  2 orc warriors (D:7)
  2 black bears
  2 sky beasts
  4 ice beasts
  3 ogres
  A centaur (D:7)
  2 bullfrogs
  3 scorpions (D:5)
  A necrophage (D:4)
  A howler monkey (D:4)
  8 hounds
  An orc priest (D:6)
  7 iguanas
  2 orc wizards (D:6)
  10 adders
  8 gnolls
  A white imp (D:7)
  2 worms
  3 dart slugs (D:1)
  28 orcs
  5 bats
  9 endoplasms
  3 giant cockroaches (D:3)
  8 goblins
  A hobgoblin (D:3)
  10 jackals
  3 quokkas
  11 ball pythons
  4 frilled lizards
  3 kobolds
  2 rats (D:3)
158 creatures vanquished.

Notes
Turn   | Place    | Note
-------+----------+-------------------------------------------
     0 | D:1      | kiwi3s the Minotaur Berserker began the quest for the Orb.
     0 | D:1      | Reached XP level 1. HP: 19/19 MP: 0/0
    80 | D:1      | Reached skill level 4 in Axes
    90 | D:1      | Reached XP level 2. HP: 25/26 MP: 1/1
   295 | D:1      | Reached skill level 5 in Axes
   591 | D:2      | Reached XP level 3. HP: 31/31 MP: 2/2
   850 | D:2      | Reached skill level 6 in Axes
   850 | D:2      | Reached XP level 4. HP: 26/39 MP: 3/3
   915 | D:2      | Reached ** piety under Trog
  1696 | D:3      | Reached skill level 7 in Axes
  1696 | D:3      | Reached XP level 5. HP: 16/45 MP: 4/4
  1817 | D:3      | Found a stormy altar of Qazlal.
  1957 | D:3      | Found a hide-covered altar of Uskayaw.
  1957 | D:3      | Found a shadowy altar of Dithmenos.
  2659 | D:4      | Found a bloodstained altar of Trog.
  2727 | D:4      | Reached skill level 8 in Axes
  2736 | D:4      | Reached XP level 6. HP: 38/51 MP: 5/5
  2850 | D:4      | Found a staircase to the Ecumenical Temple.
  3207 | D:4      | Reached *** piety under Trog
  3208 | D:4      | Reached skill level 9 in Axes
  3319 | D:4      | Reached XP level 7. HP: 54/57 MP: 6/6
  3325 | D:4      | Identified the +3 scale mail "Narrostroadd" {SInv}
  3626 | D:5      | Entered Level 5 of the Dungeon
  3980 | D:5      | Reached skill level 10 in Axes
  4320 | D:5      | Found a blossoming altar of Fedhas.
  4322 | D:5      | Found a bloodstained altar of Trog.
  4322 | D:5      | Found a shimmering blue altar of Sif Muna.
  4324 | D:5      | Found a blossoming altar of Fedhas.
  4324 | D:5      | Found an iron altar of Okawaru.
  4324 | D:5      | Found a shimmering altar of Xom.
  4543 | D:6      | Identified the ring "Wiki Xeu" {Dex+2 SInv}
  4550 | D:6      | Noticed a yak
  4554 | D:6      | Reached skill level 11 in Axes
  4554 | D:6      | Noticed a yak
  4557 | D:6      | Noticed a yak
  4562 | D:6      | Noticed a yak
  4568 | D:6      | Killed a yak
  4569 | D:6      | Reached XP level 8. HP: 27/64 MP: 7/7
  4574 | D:6      | HP: 2/64 [yak (3)]
  4584 | D:5      | Reached skill level 12 in Axes
  4585 | D:5      | HP: 1/64 [yak (4)]
  4760 | D:5      | Reached skill level 13 in Axes
  4971 | D:6      | Found a runed translucent gate.
  4971 | D:6      | Found an opulent altar of Gozag.
  4971 | D:6      | Found a runed translucent gate.
  4972 | D:6      | Found a runed translucent gate.
  4972 | D:6      | Noticed a gargoyle
  4979 | D:6      | Noticed Darkkill's ghost (novice MiHu)
  5011 | D:6      | Reached skill level 14 in Axes
  5079 | D:6      | Reached XP level 9. HP: 66/70 MP: 8/8
  5602 | D:7      | Reached skill level 15 in Axes
  5633 | D:7      | Found an ancient bone altar of Kikubaaqudgha.
  5686 | D:7      | Found an iron altar of Okawaru.
  5817 | D:7      | Found Cuitwifo's Antique Weapon Shoppe.
  5833 | D:7      | HP: 5/106 [poisoned by a water moccasin]
  5835 | D:6      | HP: 2/71 [poisoned by a water moccasin]
  5951 | D:7      | Reached skill level 1 in Shields
  6352 | D:7      | Identified the +0 helmet of Perfidy {rPois}
  6387 | D:7      | Reached skill level 5 in Fighting
  6481 | D:7      | Reached **** piety under Trog
  6576 | D:7      | Noticed a boulder beetle
  6576 | D:7      | Noticed a gargoyle
  6577 | D:7      | Noticed a gargoyle
  6596 | D:7      | Killed a gargoyle
  6596 | D:7      | HP: 4/112 [gargoyle/stone arrow (25)]
  6597 | D:7      | Reached skill level 5 in Armour
  6600 | D:7      | Demolished by a boulder beetle

Illustrated notes

Levels and vault maps discovered:
D:1:      lightli_arrival_windingriver, layout_rooms,
          hangedman_abyss_or_decor_lesser_grid
D:2:      layout_basic, minmay_snake_closets
D:3:      layout_rooms, mainiacjoe_overflow_paths,
          nicolae_overflow_two_pavilions, minmay_surrounded
D:4:      layout_loops_corners, trog_three_pillars_becter,
          minmay_temple_entry_fiery
D:5:      layout_loops_ring, doesnt_xom_only_xom
D:6:      layout_rooms, ebering_ghost_gozag
D:7:      minmay_slanted_spiral_squares, layout_basic,
          overflow_temple_1_default, mainiacjoe_overflow_catwalk,
          serial_corexii_hall, chequers_hall_statues_corner_a,
          corexii_hall_statues_x, corexii_hall_statues_l, serial_shops,
          shop_statue

Skill      XL: |  1  2  3  4  5  6  7  8  9 |
---------------+----------------------------+-----
Axes           | 4 5 6 7 8 9 11 14 15 | 15.0
Fighting       | 6 |  6.8
Armour         | 5 |  5.4
Shields        | 2 |  2.8
Dodging        | |  2.1

Action                   |  1- 3 |  4- 6 |  7- 9 || total
-------------------------+-------+-------+-------++-------
Melee: Hand axe          |    76 |   136 |   290 ||   502
       Headbutt          |     7 |    27 |    51 ||    85
Invok: Berserk           |       |     2 |     5 ||     7
       Trog's Hand       |       |       |     2 ||     2
  Use: Potion            |       |       |     6 ||     6
Armor: Chain mail        |    39 |    68 |       ||   107
       Animal skin       |     4 |       |       ||     4
       Scale mail        |       |       |   119 ||   119
Dodge: Dodged            |    21 |    37 |    81 ||   139
Block: Kite shield       |    16 |    32 |    76 ||   124

Table legend: (Time is in decaauts)
 A = Elapsed time spent in this place.
 B = Non-inter-level travel time spent in this place.
 C = Inter-level travel time spent in this place.
 D = Time resting spent in this place.
 E = Time spent auto-exploring this place.
 F = Levels seen in this place.
 G = Mean time per level.
                   A        B        C        D        E       F      G
               +--------+--------+--------+--------+--------+-----+--------+
         Total |   6651 |   6419 |    232 |    984 |   4490 |   7 |  950.1 |
       Dungeon |   6651 |   6419 |    232 |    984 |   4490 |   7 |  950.1 |
               +--------+--------+--------+--------+--------+-----+--------+

Top non-repeatable levels by time:
     D:5: 1253 daAuts
     D:2: 1139 daAuts
     D:4: 1047 daAuts
     D:7: 939 daAuts
     D:3: 923 daAuts
     D:6: 780 daAuts
     D:1: 567 daAuts
